[Event "*** Titled Tuesday Blitz"]
[Site "Chess.com"]
[Date "2019.11.05"]
[Round "9"]
[White "LuisFSiles"]
[Black "gorgeous1083"]
[Result "1/2-1/2"]
[WhiteElo "2304"]
[BlackElo "2001"]
[TimeControl "180+2"]
[EndTime "15:08:19 PST"]
[Termination "Game drawn - insufficient material"]

1. e4 e5 2. Nf3 Nc6 3. Bc4 Bc5 4. O-O Nf6 5. d4 exd4 6. e5 Ne4 7. Re1 Nxf2 8. Kxf2 d3+ 9. Be3 dxc2 10. Qxc2 Qe7 11. Bxf7+ Qxf7 12. Bxc5 b6 13. Ba3 Bb7 14. Kg1 O-O-O 15.
Nbd2 g5 16. Nc4 g4 17. Nfd2 Nd4 18. Nd6+ Kb8 19. Nxf7 Nxc2 20. Nxd8 Rxd8 21. Rac1 Nxe1 22. Rxe1 g3 23. hxg3 Rg8 24. Kf2 Rg4 25. e6 dxe6 26. Rxe6 c5 27. b3 h5 28. Nf3 Bd5 29. Re7 a5 30. Bb2 a4 31. Be5+ Ka8 32. bxa4 Rxa4 33. Bc7 Rxa2+ 34. Ke3 Rxg2 35. Bxb6 Rxg3 36. Ra7+ Kb8 37.
Bc7+ Kxa7 38. Bxg3 Kb6 39. Ng5 Kb5 40. Be5 Kb4 41.
Nh3 c4 42. Nf4 Bf7 43. Bd6+ Kb3 44. Ne2 c3 45. Be5 c2 46. Nc1+ Kc4 47. Kd2 Bg6 48. Bf6 Kd5 49. Ne2 Ke4 50. Kc1 Kf3 51. Nd4+ Kg4 52.
Nxc2 Bxc2 53. Kxc2 h4 54. Bxh4 1/2-1/2

[Event "*** Titled Tuesday Blitz"]
[Site "Chess.com"]
[Date "2019.11.05"]
[Round "9"]
[White "IMRosen"]
[Black "JSPrepz"]
[Result "0-1"]
[WhiteElo "2603"]
[BlackElo "2819"]
[TimeControl "180+2"]
[EndTime "15:08:25 PST"]
[Termination "JSPrepz won by checkmate"]

1. d4 Nf6 2. Bf4 c5 3. e3 g6 4. Nc3 Bg7 5. d5 O-O 6. Nf3 Nh5 7. Be5 Nf6 8. h3 d6 9. Bh2 Qa5 10. Nd2 Nbd7 11. Nc4 Qc7 12. a4 b6 13. Be2 a6 14.
O-O Rb8 15. Na3 Ne5 16. e4 h6 17. f4 Ned7 18. Kh1 Ne8 19. Bf3 Qd8 20. Qe2 Nc7 21.
Rad1 b5 22. axb5 axb5 23. Ncxb5 Nxb5 24. Nxb5 Bxb2 25. c4 Bg7 26. Ra1 Bxa1 27. Rxa1 Nb6 28. e5 Bd7 29. Nc3 Ra8 30. Re1 Ra3 31. Ne4 Bf5 32. Nf2 Qa8 33. g4 Ra2 34. Qe3 Ra3 35. Qe2 Ra2 36. Qe3 Nxc4 37. Qc3 Rc2 38. Qb3 Rb8 39. Qxc2 Bxc2 40. f5 Nxe5 41. Bg2 Rb1 42. Rxb1 Bxb1 43. Bxe5 dxe5 44. d6 Qd8 45. fxg6 Bxg6 46.
dxe7 Qxe7 47. h4 e4 48. g5 e3 49. Nd3 e2 50. Ne1 hxg5 51. hxg5 Qxg5 52. Bf3 Qh4+ 53. Kg2 Qxe1 54. Kh3 Qf1+ 55. Bg2 Qf5+ 56. Kh4 e1=Q# 0-1

[Event "*** Titled Tuesday Blitz"]
[Site "Chess.com"]
[Date "2019.11.05"]
[Round "9"]
[White "ChessQueen"]
[Black "NZT72"]
[Result "1-0"]
[WhiteElo "2683"]
[BlackElo "2500"]
[TimeControl "180+2"]
[EndTime "15:08:26 PST"]
[Termination "ChessQueen won by resignation"]

1. e4 c5 2. c3 d5 3. exd5 Qxd5 4. d4 Nf6 5. Nf3 e6 6. Be2 cxd4 7. cxd4 Nc6 8. Nc3 Qd6 9. O-O Be7 10. Nb5 Qd8 11. Bf4 Nd5 12. Bg3 a6 13. Nc3 O-O 14. Rc1 Nf6 15.
Bd3 b6 16. Bb1 Bb7 17. a3 Rc8 18. Qd3 g6 19. Rfd1 Na5 20. Ba2 b5 21. Ne5 Nd5 22. Ne4 Nc6 23. Nc5 Bxc5 24. dxc5 Nxe5 25. Bxe5 Qg5 26.
Qg3 Qxg3 27. hxg3 Rfd8 28. Bd6 Bc6 29. Rd4 Ne7 30. g4 Bb7 31. Rc3 Nc6 32. Rd1 a5 33.
Rh3 Ne5 34. Rd4 Nc4 35. Bxc4 bxc4 36. g5 Bd5 37. Rdh4 h5 38. gxh6 Kh7 39. g4 Rd7 40. g5 Rb7 41. Rf4 Rd8 42. Be5 Rdd7 43. Bc3 Rb5 44. Bd4 Bc6 45. Re3 Rbb7 46. Kh2 Rb5 47.
Kg3 Rbb7 48. Bc3 Rd5 49. Re5 Rxe5 50. Bxe5 Rb3+ 51. Bc3 Rb7 52. Rxc4 Bd5 53. Rf4 Rc7 54. Bxa5 Rxc5 55. Rxf7+ Kg8 56. Rg7+ Kh8 57. Bc3 1-0

[Event "*** Titled Tuesday Blitz"]
[Site "Chess.com"]
[Date "2019.11.05"]
[Round "9"]
[White "Chempiblinka"]
[Black "CarlssonLudvig"]
[Result "0-1"]
[WhiteElo "2291"]
[BlackElo "2470"]
[TimeControl "180+2"]
[EndTime "15:08:27 PST"]
[Termination "CarlssonLudvig won by resignation"]

1. Nf3 e6 2. d4 Nf6 3. c4 Bb4+ 4. Nc3 O-O 5. Bg5 h6 6. Bh4 d6 7. e3 Nbd7 8. Qb3 Bxc3+ 9. Qxc3 b6 10. Bd3 Bb7 11.
O-O e5 12. Bf5 Re8 13. Rad1 Bxf3 14. gxf3 Nf8 15. Bg3 Nh5 16. c5 Nxg3 17. hxg3 Qf6 18. Bg4 g6 19. Kg2 h5 20. Bh3 exd4 21. exd4 dxc5 22.
dxc5 Qxc3 23. bxc3 Re2 24. a4 bxc5 25. Rd5 Ne6 26. Bxe6 Rxe6 27. Rxc5 Ra6 28. a5 Re8 29. Rd1 Re7 30. Rd4 Kg7 31. Rdc4 Kf8 32. Rd4 Kg7 33.
f4 Kf6 34. f5 Kg7 35. fxg6 fxg6 36. Rd8 Rf7 37. Rc8 Kh6 38. f4 Re7 39. Kf3 Rd7 40. Ke3 Re7+ 41. Kd4 Rd7+ 42. Kc4 Re7 43. Kb5 Rae6 44. R8xc7 a6+ 45. Kb4 Rxc7 46. Rxc7 Re3 47. Rc6 Rxg3 48. f5 h4 49. Rxa6 h3 50. fxg6 Rxg6 51.
Ra8 Rg7 52. Rd8 h2 53. Rd1 Rg1 54. Rd8 Kg7 55. Rd7+ Kg8 56. Rd8+ Kf7 57. Rh8 h1=Q 58. Rxh1 Rxh1 59. Kc5 Ke7 60. Kc6 Ra1 61. Kb6 Kd6 62. a6 Rb1+ 63. Ka7 Kc7 64. c4 Ra1 65. c5 Ra2 66. c6 Ra1 0-1

[Event "*** Titled Tuesday Blitz"]
[Site "Chess.com"]
[Date "2019.11.05"]
[Round "9"]
[White "Vuk2000"]
[Black "FelixJoseYnojosa"]
[Result "1-0"]
[WhiteElo "2812"]
[BlackElo "2646"]
[TimeControl "180+2"]
[EndTime "15:08:31 PST"]
[Termination "Vuk2000 won by resignation"]

1. e4 c5 2. Nc3 Nc6 3. g3 e6 4.
Bg2 Nf6 5. Nge2 d5 6. exd5 exd5 7. d4 Bg4 8. Be3 Qb6 9. Na4 Qa5+ 10. c3 cxd4 11.
Bxd4 Nxd4 12. Qxd4 Bd7 13. b3 Rc8 14. O-O Ba3 15.
Qe5+ Kf8 16. Nf4 b5 17. Nxd5 bxa4 18. Nxf6 Qd8 19. Nxd7+ Qxd7 20. Rad1 Qe6 21. Qa5 g6 22. Rfe1 Qf6 23. Qxa4 Bc5 24. Re2 Kg7 25. Qf4 Qxf4 26. gxf4 Rhd8 27. Bd5 Bd6 28. c4 f5 29. Rd4 Rc7 30.
Re6 Bc5 31. Rd3 Rf8 32. Ra6 Rd8 33. a3 Re7 34. b4 Bd6 35. Bf3 Bc7 36. Rxd8 Bxd8 37.
c5 h6 38. Rc6 Rd7 39. Rc8 Bc7 40. Bc6 Re7 41. b5 Bxf4 42. b6 axb6 43. cxb6 Re1+ 44.
Kg2 Rb1 45. b7 Rb2 46. a4 Kf6 47. a5 Ra2 48. Ra8 Rc2 49. a6 Rxc6 50. a7 Rb6 51. b8=Q Bxb8 52. Rxb8 1-0

[Event "*** Titled Tuesday Blitz"]
[Site "Chess.com"]
[Date "2019.11.05"]
[Round "9"]
[White "Saitama_Hero"]
[Black "Azatic"]
[Result "0-1"]
[WhiteElo "2355"]
[BlackElo "2607"]
[TimeControl "180+2"]
[EndTime "15:08:38 PST"]
[Termination "Azatic won by resignation"]

1. b3 Nf6 2. Bb2 e6 3. Nf3 Be7 4. e3 O-O 5. c4 d5 6. Qc2 a5 7. g4 a4 8. g5 a3 9. Bd4 Nfd7 10.
cxd5 exd5 11. Bd3 g6 12. h4 Nc6 13. Nc3 Nb4 14. Qb1 c5 15. Be5 Nxe5 16. Nxe5 Qd6 17.
f4 d4 18. Ne4 Nxd3+ 19. Qxd3 Qd8 20. Ng3 dxe3 21. Qxe3 Qd4 22. Qxd4 cxd4 23. O-O f6 24. Nd3 fxg5 25. hxg5 Bd7 26. Ne5 Bb5 27. Rf2 Rae8 28. Re1 Bd6 29. Ne4 Bxe5 30. fxe5 Rxf2 31. Kxf2 Kg7 32.
Nf6 Re6 33. Re4 Bc6 34. Rh4 Rxe5 35. Rxh7+ Kf8 36. Rc7 Rf5+ 37. Ke2 Bb5+ 38. Kd1 Rf1+ 39.
Kc2 d3+ 40. Kc3 Rc1+ 41. Kb4 Rxc7 42. Kxb5 Kf7 43. Ne4 Rc2 44. Kb4 Rxa2 45. Nd6+ Ke6 46.
Nxb7 Rxd2 47. Kxa3 Rc2 48. Na5 d2 0-1

[Event "*** Titled Tuesday Blitz"]
[Site "Chess.com"]
[Date "2019.11.05"]
[Round "9"]
[White "DanielNaroditsky"]
[Black "chito89"]
[Result "1-0"]
[WhiteElo "2963"]
[BlackElo "2751"]
[TimeControl "180+2"]
[EndTime "15:08:39 PST"]
[Termination "DanielNaroditsky won by resignation"]

1. d4 Nf6 2. Nc3 d5 3. Bf4 e6 4. e3 a6 5. Bd3 c5 6. dxc5 Bxc5 7. Nf3 Nc6 8. O-O Bd6 9. Bxd6 Qxd6 10. e4 d4 11. Ne2 e5 12. Ng3 O-O 13. a3 g6 14.
Qd2 Kg7 15. Nh4 h6 16. f4 Ng4 17. f5 Qf6 18. Nf3 Ne3 19. Rfe1 h5 20. h4 b5 21. Rxe3 dxe3 22. Qxe3 Nd4 23. Nxd4 exd4 24. Qf4 Re8 25.
Rf1 Bb7 26. fxg6 Qxf4 27. Nxh5+ Kxg6 28. Nxf4+ Kh6 29. Nd5 Bxd5 30. exd5 Kg7 31. Rf4 Re5 32. Rxd4 Rd8 33. Be4 Kf6 34. Bf3 Ke7 35. h5 Rc8 36. c3 Rc4 37. Rd3 Kd6 38. Kf2 a5 39. g4 f5 40. g5 f4 41. g6 Rg5 42. Be2 b4 43.
axb4 axb4 44. Rh3 Rc8 45. c4 Rf8 46. Bd3 f3 47. Rxf3 Rxf3+ 48. Kxf3 Rxh5 49. Kf4 Rh2 50. Be4 Rh4+ 51. Kf5 Ke7 52. d6+ Kf8 53. d7 1-0

[Event "*** Titled Tuesday Blitz"]
[Site "Chess.com"]
[Date "2019.11.05"]
[Round "9"]
[White "Hadza_3"]
[Black "novocane"]
[Result "0-1"]
[WhiteElo "2369"]
[BlackElo "2186"]
[TimeControl "180+2"]
[EndTime "15:08:55 PST"]
[Termination "novocane won by checkmate"]

1. e4 c5 2. Nc3 Nc6 3. f4 g6 4.
Nf3 Bg7 5. Bc4 e6 6. O-O Nge7 7. Qe1 O-O 8. d3 d5 9. Bb3 Na5 10. Qh4 Nxb3 11. axb3 dxe4 12. dxe4 Nc6 13. Qf2 Nd4 14. Be3 Nxf3+ 15. Qxf3 b6 16. Rad1 Qe7 17. Nb5 Ba6 18.
c4 Bxb5 19. cxb5 Bxb2 20. e5 Rfd8 21. h3 Rxd1 22. Rxd1 Rd8 23. Kh2 Bd4 24. Bc1 Qd7 25. h4 h5 26. Qg3 Qxb5 27. f5 exf5 28. Bg5 Re8 29. Bf6 Qc6 30. Re1 Qd5 31. Kh3 Qe6 32. Qg5 f4+ 33. Kh2 Qg4 34. Re4 Bf2 35. Qxg4 hxg4 36.
Rxf4 g3+ 37. Kh3 Bd4 38. Re4 Kh7 39. Kg4 Rc8 40. Kxg3 Bc3 41. Kf4 b5 42. g4 a5 43. h5 c4 44. Kg5 Bd2+ 45. Kh4 c3 46. hxg6+ Kxg6 47. e6 Kxf6 48. e7 Re8 49. g5+ Bxg5+ 50.
Kg4 Rxe7 51. b4 Rxe4+ 52. Kh5 Rh4# 0-1

[Event "*** Titled Tuesday Blitz"]
[Site "Chess.com"]
[Date "2019.11.05"]
[Round "9"]
[White "nihalsarin"]
[Black "1995Tiger"]
[Result "1/2-1/2"]
[WhiteElo "2963"]
[BlackElo "2171"]
[TimeControl "180+2"]
[EndTime "15:08:56 PST"]
[Termination "Game drawn by repetition"]

1. e4 c5 2. Nc3 Nc6 3. Nf3 g6 4. d4 cxd4 5. Nxd4 Bg7 6. Be3 Nf6 7. Bc4 Qa5 8. O-O d6 9. Bb3 O-O 10. h3 Bd7 11. Qd2 Nxd4 12. Bxd4 Nxe4 13. Qe3 Nxc3 14. Bxc3 Bxc3 15. bxc3 Qe5 16. Qxe5 dxe5 17. Rfe1 Rfc8 18.
Rxe5 e6 19. Re3 Rc5 20. Rd1 Be8 21. Rd4 b5 22. c4 b4 23. c3 bxc3 24. Rxc3 a5 25. Bd1 Rb8 26. Rb3 Rb4 27. Be2 Kg7 28.
Rd8 Bc6 29. Rxb4 axb4 30. Rc8 Re5 31. Bd3 Re1+ 32. Kh2 Be4 33. Bxe4 Rxe4 34. Kg3 Re2 35. Rb8 Rxa2 36. Rxb4 Kf6 37. Rb7 Rc2 38. Rc7 g5 39. Kf3 h5 40. c5 Kg6 41. Ke3 f5 42. Rc8 h4 43. c6 e5 44. Kd3 Rc5 45. Ke2 Kg7 46.
Kd2 Rc4 47. Rc7+ Kg6 48. Kd3 Rc1 49. Rc8 Kg7 50. Ke2 Rc2+ 51. Ke3 Rc3+ 52. Ke2 Rc2+ 53. Kd1 Rc5 54. c7 Rc6 55. Kd2 Rc5 56. Ke2 Rc2+ 57. Ke1 Rc1+ 58. Kd2 Rc6 59. Ke2 Rc2+ 60. Kd3 Rc6 61. Kd2 Rc5 62. Kd1 Rc4 63. Ke1 Rc5 64. Kf1 Rc1+ 65. Ke2 Rc2+ 1/2-1/2

[Event "*** Titled Tuesday Blitz"]
[Site "Chess.com"]
[Date "2019.11.05"]
[Round "9"]
[White "BlueWizzard"]
[Black "riconaipe"]
[Result "0-1"]
[WhiteElo "2812"]
[BlackElo "2630"]
[TimeControl "180+2"]
[EndTime "15:08:57 PST"]
[Termination "riconaipe won by resignation"]

1. d4 d5 2. Bf4 c6 3. e3 Bf5 4. c4 e6 5. Nc3 Nd7 6. Qb3 Qb6 7. c5 Qxb3 8. axb3 a6 9. b4 Rc8 10. Nf3 f6 11. Bg3 h5 12. h4 Ne7 13. Nd2 e5 14. Nb3 Be6 15. Na5 Rc7 16. f3 Nf5 17. Bf2 Be7 18.
Bd3 Kf7 19. dxe5 Nxe5 20. Be2 Rd7 21. Nb3 Nc4 22. e4 dxe4 23. fxe4 Nfe3 24. Bxc4 Nxc4 25. Nd4 Nxb2 26. O-O Nd3 27. Be3 Rhd8 28. Nxe6 Kxe6 29. Ne2 Nxb4 30. Kh1 Nc2 31. Nf4+ Kf7 32. e5 Nxe3 33. e6+ Kg8 34. Rfe1 Rd1 35. Ng6 Rxe1+ 36. Rxe1 Bxc5 37.
Kh2 Re8 38. Rb1 b5 39. Kh3 Rxe6 40. Ra1 f5 41. Nf4 Re4 42. g3 Nd5 43. Nd3 Bd6 44.
Nf2 Re3 45. Nh1 Ra3 46. Re1 f4 47. Re6 Bc7 48. Rxc6 fxg3 49. Kg2 Rd3 50. Nxg3 Rxg3+ 51. Kh1 Rh3+ 52. Kg2 Rxh4 53. Rc1 Rc4 54. Rd1 Ne3+ 55. Kh3 Nxd1 56. Kg2 b4 57. Kh3 a5 0-1

[Event "*** Titled Tuesday Blitz"]
[Site "Chess.com"]
[Date "2019.11.05"]
[Round "9"]
[White "vova-79"]
[Black "DishonorOnYourCow"]
[Result "0-1"]
[WhiteElo "2365"]
[BlackElo "2267"]
[TimeControl "180+2"]
[EndTime "15:08:59 PST"]
[Termination "DishonorOnYourCow won by resignation"]

1. d4 Nf6 2. c4 g6 3. Nf3 Bg7 4. g3 O-O 5. Bg2 c6 6. Nc3 d5 7. cxd5 cxd5 8. Ne5 Nc6 9. Nxc6 bxc6 10. O-O Bf5 11. Bf4 Qa5 12. Na4 Ne4 13. Rc1 Rac8 14.
Be3 e5 15. b3 Rfd8 16. Bxe4 dxe4 17. Bd2 Qc7 18. dxe5 Bxe5 19. Qe1 Bh3 20. Ba5 Qe7 21. Bxd8 Rxd8 22. Rd1 Bxf1 23. Kxf1 Kg7 24. Rxd8 Qxd8 25.
Qb1 Qd4 26. Qc2 e3 27. fxe3 Qxe3 28. Qd3 Qxd3 29. exd3 Bd4 30. Ke2 f5 31. Kd2 g5 32.
Nc3 Kf6 33. Ne2 Bf2 34. Nc3 Bg1 35. h3 Bh2 36. g4 f4 37. d4 Bg1 38. Kd3 Ke6 39. Ne4 h6 40. Nc3 Be3 41. Ke4 Bd2 42.
Na4 Bb4 43. Nb2 Bc3 44. Nc4 Bb4 45. Ne5 c5 46. d5+ Kd6 47. Nc4+ Ke7 48. Kd3 Be1 49. Ke2 Bb4 50. Kf3 Bc3 51. Ke4 Bd4 52. Ne5 Bxe5 0-1

[Event "*** Titled Tuesday Blitz"]
[Site "Chess.com"]
[Date "2019.11.05"]
[Round "9"]
[White "Zq1"]
[Black "hypert"]
[Result "1-0"]
[WhiteElo "2601"]
[BlackElo "2457"]
[TimeControl "180+2"]
[EndTime "15:09:01 PST"]
[Termination "Zq1 won by resignation"]

1. d4 Nf6 2. c4 e6 3. Nc3 Bb4 4.
e3 O-O 5. Bd3 d5 6. cxd5 exd5 7.
Ne2 Re8 8. O-O c6 9. Bd2 Nbd7 10.
f3 Nf8 11. a3 Bd6 12. b4 Ne6 13. h3 Nh5 14. g4 Ng3 15. Nxg3 Bxg3 16. f4 h5 17. Kg2 h4 18. Ne2 a5 19. Nxg3 hxg3 20. Qf3 Nc7 21. Qxg3 axb4 22. axb4 Bd7 23. f5 Nb5 24. Rxa8 Qxa8 25. f6 Qa2 26. Rf2 Qb3 27.
Bxb5 cxb5 28. fxg7 Qd3 29. Qf4 Qg6 30. Qf6 Qe4+ 31.
Kg3 Be6 32. Qh6 Qh7 33. e4 dxe4 34. Qxh7+ Kxh7 35. Bf4 Kxg7 36. Be5+ Kh7 37. Kf4 Bd5 38. Kg5 Rg8+ 39. Kf6 Rg6+ 40. Ke7 Re6+ 41. Kd7 Rh6 42. Rc2 Bc4 43. Rc3 Kg6 44. Bf4 Rh7 45. Kd6 f5 46. g5 Rh4 47. Ke5 Bf1 48. Rc8 Rxh3 49. Rg8+ Kf7 50. Rb8 e3 51. Rxb7+ Ke8 52. Ke6 Bc4+ 53.
d5 Kf8 54. Bd6+ Kg8 55. Be5 Bxd5+ 56. Kxd5 Rh7 57. Rxh7 Kxh7 58. Bf4 e2 59. Bd2 Kg6 60.
Kd4 f4 61. Kd3 Kxg5 62. Kxe2 Kg4 63. Kf2 Kf5 64. Kf3 Ke5 65. Bxf4+ Kd4 66. Bd6 Kd5 67. Bc5 Kc4 68. Ke4 1-0

[Event "*** Titled Tuesday Blitz"]
[Site "Chess.com"]
[Date "2019.11.05"]
[Round "9"]
[White "gemarin"]
[Black "StoreySniper"]
[Result "0-1"]
[WhiteElo "2120"]
[BlackElo "2271"]
[TimeControl "180+2"]
[EndTime "15:09:06 PST"]
[Termination "StoreySniper won on time"]

1. d4 Nf6 2. c4 e6 3. Nf3 c5 4.
d5 exd5 5. cxd5 d6 6. Nc3 g6 7. e4 Bg7 8. Be2 O-O 9. h3 a6 10. a4 Re8 11. Nd2 Nbd7 12. O-O Rb8 13. Qc2 Qc7 14. Nc4 Ne5 15. Nxe5 Rxe5 16. Bf4 Re8 17. Rfe1 Nd7 18. Bh2 c4 19. a5 b5 20. axb6 Rxb6 21.
Kh1 Ne5 22. f4 Nd3 23. Bxd3 cxd3 24. Qxd3 Rxb2 25. Na4 Rb4 26. e5 Bd7 27. Qc3 Qxc3 28. Nxc3 Rc4 29. Ne4 dxe5 30. Nd6 Rc5 31. Nxe8 Bxe8 32.
Rxa6 Rxd5 33. Ra8 Kf8 34. fxe5 Ke7 35. e6 fxe6 36. Ra7+ Bd7 37. Bg3 Bd4 38. Rb7 e5 39. Bh4+ Ke6 40. Rf1 e4 41. Re1 e3 42. Rb4 Bc5 43.
Re4+ Re5 44. Rxe5+ Kxe5 45. Rc1 Bd4 46. Rc7 Be6 47.
Rxh7 e2 48. Be1 Bc4 49. h4 Ke4 50. h5 gxh5 51. Rxh5 Kd3 52. Rh4 Bc3 53. Rh3+ Kc2 0-1

[Event "*** Titled Tuesday Blitz"]
[Site "Chess.com"]
[Date "2019.11.05"]
[Round "9"]
[White "kuli4ik"]
[Black "jefferyx"]
[Result "1-0"]
[WhiteElo "2833"]
[BlackElo "2910"]
[TimeControl "180+2"]
[EndTime "15:09:07 PST"]
[Termination "kuli4ik won by resignation"]

1. d4 g6 2. Nf3 Bg7 3. g3 c5 4.
dxc5 Na6 5. Bg2 Nxc5 6. O-O Nf6 7. c4 b6 8. Nc3 Bb7 9. Be3 O-O 10.
Rc1 Rc8 11. b4 Ne6 12. Qb3 d5 13. cxd5 Nxd5 14. Nxd5 Qxd5 15. Qxd5 Bxd5 16. a4 Bc3 17. a5 bxa5 18. bxa5 a6 19. Bb6 Bb3 20. e3 Bd5 21. Rfd1 Be4 22. h4 Bb2 23. Rxc8 Rxc8 24. Ng5 Nxg5 25.
hxg5 f5 26. Bf1 Bb7 27. Rd7 Bf3 28. Rd8+ Rxd8 29. Bxd8 Bb7 30. Bxe7 Bc3 31. Bc4+ Kg7 32. Bd8 h6 33. gxh6+ Kxh6 34. Kf1 g5 35. f4 g4 36.
Be2 Kg6 37. e4 Bb4 38. e5 Kf7 39. Bc4+ Ke8 40. Bb6 Kd7 41. Ke2 Bf3+ 42. Kf2 Bb7 43. Bd3 Ke6 44. Kf1 Bc3 45. Bc4+ Kd7 46. Ke2 Bb4 47.
Ke3 Be1 48. e6+ Ke8 49. Kd4 Bxg3 50. Ke5 Bh2 51. Be2 g3 52. Bh5+ Kf8 53. Kf6 Bc6 54.
e7+ Kg8 55. Bf3 Bd7 56. Bd5+ Kh7 57. Bg2 Be8 58. Bd4 1-0

[Event "*** Titled Tuesday Blitz"]
[Site "Chess.com"]
[Date "2019.11.05"]
[Round "9"]
[White "2165149677570"]
[Black "vlad_Sid"]
[Result "1-0"]
[WhiteElo "2308"]
[BlackElo "2475"]
[TimeControl "180+2"]
[EndTime "15:09:10 PST"]
[Termination "2165149677570 won by checkmate"]

1. d4 Nf6 2. c4 c5 3. d5 b5 4.
cxb5 a6 5. bxa6 g6 6. Nc3 Bg7 7. e4 O-O 8. Nf3 d6 9. a7 Rxa7 10.
Bd3 Bg4 11. O-O Nbd7 12. Bf4 Qb6 13. Nb5 Raa8 14. a4 Nh5 15. Bg5 Rfe8 16. Ra2 h6 17.
Be3 Bxf3 18. Qxf3 Ne5 19. Qd1 Nxd3 20. Qxd3 Reb8 21. Bd2 Qa6 22. Rfa1 g5 23. g3 Nf6 24.
Bc3 Qc8 25. f3 Qh3 26. Qf1 Qd7 27. Kg2 g4 28. Qd3 e6 29. dxe6 Qxe6 30. Nc7 gxf3+ 31.
Qxf3 Qe7 32. Bxf6 Qxc7 33. Qg4 Kf8 34. Qxg7+ Ke8 35. Qg8+ Kd7 36. Qxf7+ Kc6 37. Qd5+ Kb6 38. a5+ Ka6 39. Rd1 Qh7 40. Qxd6+ Kb5 41. Qd5 Re8 42. e5 Qc2+ 43. Rd2 Qb1 44. Ra3 Rab8 45. Rb3+ Ka4 46.
Qc4+ Rb4 47. Rxb4+ cxb4 48. b3+ Ka3 49. e6 Rf8 50.
Bb2+ Qxb2 51. Rxb2 Kxb2 52. Qxb4 Rd8 53. e7 Rd3 54.
e8=Q Rxb3 55. Qxb3+ Kxb3 56. a6 Kc4 57. a7 h5 58. a8=Q h4 59. Qac6+ Kd3 60. Qee4+ Kd2 61. Qcc2# 1-0

[Event "*** Titled Tuesday Blitz"]
[Site "Chess.com"]
[Date "2019.11.05"]
[Round "9"]
[White "NTBT_DHS"]
[Black "maxip32"]
[Result "1-0"]
[WhiteElo "2668"]
[BlackElo "2490"]
[TimeControl "180+2"]
[EndTime "15:09:13 PST"]
[Termination "NTBT_DHS won on time"]

1. d4 Nf6 2. Nc3 d5 3. Bg5 Nbd7 4. f3 e6 5. e4 Be7 6. Qd2 h6 7. Bxf6 Nxf6 8. O-O-O Nxe4 9. Nxe4 dxe4 10. Kb1 exf3 11. Nxf3 O-O 12. g4 Bd7 13. Ne5 Bc6 14. Nxc6 bxc6 15. Bg2 Rb8 16. Bxc6 Qd6 17. Be4 Qa3 18. c3 Rb6 19. Rc1 Rfb8 20. Rc2 Qa5 21. Ka1 Ra6 22.
b4 Qa3 23. h4 Rab6 24. g5 e5 25. dxe5 a5 26. e6 Rxe6 27. Bd5 Rd6 28. gxh6 axb4 29. hxg7 bxc3 30. Bxf7+ Kxf7 31. Qf4+ Bf6 32. Qc4+ Kxg7 33. Qxc7+ Kh6 34. Qxb8 Rd2 35. Qf4+ Kg7 36. Rg1+ Kf7 37. Qc4+ Ke7 38. Qc7+ Kf8 39. Qc8+ Rd8 40. Qf5 Qd6 41. Rgc1 Ke7 42. h5 Rb8 43. h6 Rb2 44. h7 Qa3 45.
Qxf6+ Kxf6 46. h8=Q+ Ke6 47. Re1+ Kd5 48. Qd8+ Kc6 49.
Re6+ Kb7 50. Qd7+ Ka8 51. Re8+ Rb8 52. Qc6+ Ka7 53. Rxb8 Kxb8 54. Qxc3 1-0

[Event "*** Titled Tuesday Blitz"]
[Site "Chess.com"]
[Date "2019.11.05"]
[Round "9"]
[White "severomorskij"]
[Black "VerdeNotte"]
[Result "1-0"]
[WhiteElo "2898"]
[BlackElo "2797"]
[TimeControl "180+2"]
[EndTime "15:09:15 PST"]
[Termination "severomorskij won by checkmate"]

1. d4 Nf6 2. c4 g6 3. Nc3 Bg7 4.
e4 d6 5. Bd3 Nc6 6. Nge2 Nd7 7.
Be3 e5 8. d5 Nd4 9. O-O c5 10.
dxc6 bxc6 11. b4 a5 12. b5 c5 13. Nd5 Nb6 14. Nec3 Nxd5 15. Nxd5 Ne6 16. Rb1 O-O 17. Qd2 Bb7 18. Kh1 f5 19. f3 f4 20.
Bf2 h5 21. Rg1 Kh7 22. g4 fxg3 23. Rxg3 Bh6 24. Be3 Bxe3 25. Qxe3 Nf4 26. Rbg1 Qh4 27.
Qd2 Bxd5 28. exd5 Rf6 29. Be4 Rg8 30. Qxa5 Ne2 31. Qc7+ Kh6 32. b6 Nxg1 33. Rxg1 Qf2 34. b7 Qxa2 35. b8=Q Rxb8 36. Qxb8 Kg7 37. Qc7+ Kf8 38.
Rb1 Kg8 39. Rb8+ Rf8 40. Rxf8+ Kxf8 41. Qxd6+ Kg7 42. Qxg6+ Kf8 43. Qf6+ Kg8 44. Qg5+ Kf8 45. Qf5+ Kg8 46. Qxe5 Qxc4 47. Qg5+ Kf8 48. Qf6+ Kg8 49. Kg2 Qe2+ 50. Kg3 h4+ 51. Qxh4 c4 52. Qg5+ Kf8 53. Qf6+ Kg8 54. d6 Qe1+ 55. Kg4 Qg1+ 56. Kf5 Qxh2 57.
Bd5+ Kh7 58. Qe7+ Kh6 59. Qg5+ Kh7 60. Qg8+ Kh6 61. Qh8# 1-0

[Event "*** Titled Tuesday Blitz"]
[Site "Chess.com"]
[Date "2019.11.05"]
[Round "9"]
[White "Walter_White_Poland"]
[Black "enriquetejedor"]
[Result "1-0"]
[WhiteElo "2336"]
[BlackElo "2475"]
[TimeControl "180+2"]
[EndTime "15:09:15 PST"]
[Termination "Walter_White_Poland won by resignation"]

1. e4 d6 2. d4 e5 3. dxe5 dxe5 4. Qxd8+ Kxd8 5. Bc4 Be6 6. Bxe6 fxe6 7. Be3 Nd7 8. Nd2 Bd6 9. O-O-O Ke7 10. a3 Ngf6 11.
f3 a6 12. Nc4 Rad8 13. Na5 Rb8 14. Ne2 c6 15. Ba7 Ra8 16. Nxb7 Bxa3 17. Na5 Rhc8 18.
Be3 Bd6 19. Nc4 Bc7 20. c3 Nb8 21. Kc2 Nbd7 22. Ra1 Ne8 23. Rhd1 Nd6 24. Nxd6 Bxd6 25.
Rd2 Bc5 26. Rxd7+ Kxd7 27. Bxc5 a5 28. Rd1+ Ke8 29. Rd6 Kf7 30. Rd7+ Kg6 31. Nc1 a4 32. Nd3 Kf6 33. Be7+ Kf7 34. Nxe5+ Ke8 35. Bd6 Rd8 36.
Re7+ Kf8 37. Ra7+ Kg8 38. Rxa8 Rxa8 39. Ba3 Ra6 40. Kd3 g5 41. Kc4 Kg7 42. Kc5 Kf6 43. Nxc6 g4 44. fxg4 Kg5 45. h3 Kf4 46. Kb5 Ra8 47. Nd4 e5 48. Nf5 Kxe4 49. c4 Rb8+ 50. Kxa4 Kd3 51. c5 e4 52. c6 e3 53. Nxe3 Kxe3 54.
Bd6 Rxb2 55. c7 Rc2 56. Kb5 Rxc7 57. Bxc7 Kf2 58. g3 Kf3 59. Kc4 Kg2 60. h4 Kf3 61. g5 Kg4 62. Bf4 Kf5 63. Kd5 h5 64.
gxh6 1-0

[Event "*** Titled Tuesday Blitz"]
[Site "Chess.com"]
[Date "2019.11.05"]
[Round "9"]
[White "Orest_Vovk"]
[Black "Astaneh"]
[Result "1/2-1/2"]
[WhiteElo "2426"]
[BlackElo "2555"]
[TimeControl "180+2"]
[EndTime "15:09:17 PST"]
[Termination "Game drawn - insufficient material"]

1. h3 e5 2. Nf3 Nc6 3. d4 e4 4.
d5 exf3 5. dxc6 fxg2 6. cxd7+ Qxd7 7. Qxd7+ Bxd7 8. Bxg2 O-O-O 9. Nc3 Ne7 10. Bd2 Bc6 11. Bxc6 Nxc6 12. O-O-O Bc5 13. Ne4 Bb6 14. Bc3 Rhe8 15.
Rxd8+ Nxd8 16. f3 f5 17. Ng3 g6 18. Kd1 Ne6 19. e4 Bf2 20. exf5 Bxg3 21. fxe6 Rxe6 22.
Rg1 Be5 23. Bxe5 Rxe5 24. Rg4 Kd7 25. Rf4 Ke6 26. Rh4 h5 27. Ra4 a5 28. Rc4 c6 29. h4 Re3 30. Rf4 Re5 31. Rf8 Rf5 32. Rg8 Kf6 33. Ke2 Rb5 34. b3 Rb4 35.
Ra8 Rxh4 36. Rxa5 Rh2+ 37. Kd3 h4 38. Ra7 b6 39. Rc7 c5 40. Rc6+ Kg5 41. Rxb6 h3 42. Rb8 Kf4 43. Rf8+ Kg3 44. Rg8 Rg2 45. Rxg6+ Kxf3 46. Rh6 h2 47. a4 Kg4 48. Kc4 Rxc2+ 49. Kb5 Kg3 50. a5 Rc3 51. a6 Rxb3+ 52. Kxc5 Ra3 53. Rxh2 Kxh2 54. Kb6 Rb3+ 55. Kc7 Rc3+ 56. Kb7 Kg3 57. a7 Rb3+ 58. Kc7 Ra3 59. Kb7 Kf4 60.
a8=Q Rxa8 61. Kxa8 1/2-1/2

[Event "*** Titled Tuesday Blitz"]
[Site "Chess.com"]
[Date "2019.11.05"]
[Round "9"]
[White "champ2005"]
[Black "Msb2"]
[Result "1-0"]
[WhiteElo "2929"]
[BlackElo "2849"]
[TimeControl "180+2"]
[EndTime "15:09:22 PST"]
[Termination "champ2005 won by checkmate"]

1. c4 c6 2. Nf3 d5 3. e3 Nf6 4. b3 Bg4 5. Bb2 e6 6. Be2 Nbd7 7. Nc3 Bd6 8. h3 Bh5 9. cxd5 cxd5 10.
Nb5 Be7 11. Ne5 Bxe2 12. Qxe2 a6 13. Nxd7 Qxd7 14. Nd4 Rc8 15. O-O O-O 16. d3 Rc7 17. Rac1 Rfc8 18. Qd2 Bd6 19. f4 Rxc1 20. Rxc1 Rxc1+ 21. Qxc1 Qc7 22. Qxc7 Bxc7 23. Nf3 Nd7 24. Kf2 f6 25.
Ke2 Kf7 26. g4 h6 27. h4 e5 28. f5 e4 29. dxe4 dxe4 30. Nd2 Be5 31. Ba3 Bg3 32. Nxe4 Bxh4 33. Nd6+ Kg8 34. Nxb7 g6 35. fxg6 Kg7 36. Nc5 Nxc5 37. Bxc5 Kxg6 38. b4 f5 39. Kf3 fxg4+ 40. Kxg4 Bg5 41. a4 h5+ 42. Kf3 Kf5 43. b5 axb5 44. a5 b4 45. Bxb4 Bd8 46. a6 Bb6 47. Bc3 Ke6 48. Bd4 Kd6 49. Bxb6 Kc6 50. a7 Kb7 51. e4 h4 52. e5 h3 53. Kg3 h2 54. Kxh2 Ka6 55. a8=Q+ Kb5 56. Qd8 Kb4 57. e6 Kb3 58. e7 Kb2 59. e8=Q Kb3 60. Qd3+ Ka2 61. Qa4+ Kb2 62. Bd4+ Kc1 63. Qad1# 1-0